 Dungeon Crawl Stone Soup version 0.24-a0-525-g9231cdc (webtiles) character file.

Game seed: 13335644518973216508

13179 Dorkslayer the Envoy of Void (level 11, -1/83 HPs)
             Began as a Demonspawn Abyssal Knight on July 28, 2019.
             Was a High Priest of Lugonu.
             Slain by an ice devil (10 damage)
             ... in an ice cave on Aug 4, 2019.
             The game lasted 01:39:51 (14096 turns).

Dorkslayer the Envoy of Void (DsAK)                Turns: 14096, Time: 01:39:52

Health: -1/83      AC: 23    Str: 20    XL:     11   Next: 72%
Magic:  18/18      EV:  7    Int: 14    God:    Lugonu [*****.]
Gold:   602        SH: 14    Dex: 15    Spells: 10/10 levels left

rFire    + . .     SeeInvis .   q - +1 war axe
rCold    + . .     Gourm    .   h - +3 shield
rNeg     . . .     Faith    .   I - +7 chain mail of Qazlal's Favour {rC+}
rPois    .         Spirit   .   (helmet restricted)
rElec    .         Reflect  .   y - +2 cloak
rCorr    +         Harm     .   (no gloves)
MR       +....                  x - +2 pair of boots {Stlth+}
Stlth    ..........             u - amulet of rage
HPRegen  0.23/turn              A - ring of resist corrosion
MPRegen  0.16/turn              i - ring of protection from magic

@: mighty
A: antennae 1, claws 1, molten scales 3, agile 1, deformed body, powered by pain
1
a: Depart the Abyss, Bend Space, Banish, Corrupt, Enter the Abyss, Renounce
Religion, Evoke Berserk Rage


You were in an ice cave.
You worshipped Lugonu.
Lugonu was extremely pleased with you.
You were not hungry.

You visited 1 branch of the dungeon, and saw 12 of its levels.
You visited the Abyss 1 time.
You also visited: Ossuary and Ice Cave.

You collected 910 gold pieces.
You spent 308 gold pieces at shops.

Inventory:

Hand Weapons
 l - a +2 hand axe of electrocution
 q - a +1 war axe (weapon)
Missiles
 n - 5 javelins
 o - 7 boomerangs (quivered)
Armour
 d - a scarf of cloud immunity
 h - a +3 shield (worn)
 x - a +2 pair of boots of stealth (worn)
 y - a +2 cloak (worn)
 I - the +7 chain mail of Qazlal's Favour (worn) {rC+}
   (You bought it in a shop on level 9 of the Dungeon)

   It protects you from cold.
Jewellery
 e - an uncursed ring of stealth
 i - a ring of protection from magic (right claw)
 k - an uncursed ring of flight
 t - an uncursed ring of magical power
 u - an amulet of rage (around neck)
 A - a ring of resist corrosion (left claw)
Wands
 r - a wand of digging (1)
 w - a wand of disintegration (17)
 K - a wand of random effects (12)
Scrolls
 m - 5 scrolls of remove curse
 p - 3 scrolls of fog
 v - 3 scrolls of fear
 H - a scroll of immolation
Potions
 f - 8 potions of flight
 j - 2 potions of brilliance
Miscellaneous
 B - a lamp of fire (inert)
Comestibles
 c - 4 rations


   Skills:
 + Level 6.4 Fighting
 + Level 9.4 Axes
 + Level 1.7 Throwing
 + Level 6.4 Armour
 + Level 2.5 Dodging
 - Level 0.5 Stealth
 * Level 7.6 Shields
 * Level 10.0 Invocations
 * Level 6.7 Evocations


You had 10 spell levels left.
You didn't know any spells.
Your spell library contained the following spells:

 Spells                   Type           Power        Failure   Level  Hunger
 Animate Skeleton         Necr           N/A          100%        1    ##.....
 Apportation              Tloc           #.....       100%        1    ##.....
 Confusing Touch          Hex            #.....       100%        1    ##.....
 Corona                   Hex            #......      100%        1    ##.....
 Summon Small Mammal      Summ           #...         100%        1    ##.....
 Corpse Rot               Necr           N/A          100%        2    ###....
 Slow                     Hex            #.......     100%        2    ###....
 Sublimation of Blood     Necr           #.........   100%        2    ###....
 Inner Flame              Hex/Fire       #.......     100%        3    ####...
 Portal Projectile        Hex/Tloc       #.....       100%        3    ####...
 Vampiric Draining        Necr           #.........   100%        3    ####...
 Animate Dead             Necr           N/A          100%        4    #####..
 Cause Fear               Hex            #.........   100%        4    #####..
 Leda's Liquefaction      Hex/Erth       #.........   100%        4    #####..
 Death Channel            Necr           #.........   100%        6    #######


Dungeon Overview and Level Annotations

Branches:
Dungeon (12/15)            Temple (0/1) D:6            Lair (0/6) D:11
    Orc (0/2) D:12

Altars:
Gozag
Hepliaklqana
Okawaru
Vehumet
Wu Jian
Xom
The Shining One

Shops:
D:9 [   D:10 [

Annotations:
IceCv exclusion: 2 ice statues


Innate Abilities, Weirdness & Mutations

You have sharp fingernails.
You are completely covered in molten scales. (AC +4, rF+)
You sometimes gain a little power by taking damage.
You have a pair of small antennae on your head.
You are agile. (Dex +2)
Armour fits poorly on your strangely shaped body.


Message History

You throw a boomerang. The boomerang hits the ice devil.
The ice devil is lightly wounded.
Your chain mail of Qazlal's Favour prevents you from hitting the ice devil.
The ice devil is lightly wounded.
You block the ice devil's attack.
You closely miss the ice devil.
The ice devil is lightly wounded.
You block the ice devil's attack.
You slash the ice devil!
The ice devil is moderately wounded.
The ice devil closely misses you.
Your shield prevents you from hitting the ice devil.
The ice devil is moderately wounded.
You block the ice devil's attack.
You hit the ice devil but do no damage.
The ice devil is moderately wounded.
The ice devil hits you!
* * * LOW HITPOINT WARNING * * *
The ice devil freezes you! You resist.
You die...

...............
#.............#
#.............#
#...........#
##8#.....#8##
##...## #...##
##4..# ##@..#
#...## ##...##
##.....##
#...∩...#
#...∩...#
##.....##
##...## #####


You could see an ice devil.

Vanquished Creatures
  A hydra (D:11)
  A centaur warrior (D:10)
  A two-headed ogre (D:11)
  An unseen horror (D:10)
  An orc knight (D:10)
  Pikel (D:5)
  An ugly thing (D:10)
  A cyclops (D:11)
  2 manticores
  Maurice (D:8)
  A centaur skeleton (D:10)
  3 ice devils (IceCv)
  2 hippogriffs
  5 orc warriors
  8 yaks (D:10)
  Sigmund (D:7)
  A hog (D:7)
  4 hungry ghosts
  An acid dragon (D:11)
  A water moccasin (D:10)
  An ice beast (D:7)
  4 ogres
  2 phantoms
  A necrophage (D:8)
  An eye of draining (D:9)
  3 centaurs
  A crocodile (D:10)
  2 big kobolds
  3 bullfrogs
  Blork the orc (D:5)
  2 gnoll sergeants
  A wyvern skeleton (D:9)
  A scorpion (D:8)
  6 killer bees (D:11)
  3 wights (D:11)
  7 howler monkeys
  2 bullfrog zombies
  8 crimson imps
  A quasit (D:6)
  A jelly (D:5)
  5 orc priests
  2 hounds
  2 bullfrog skeletons (D:10)
  An iguana (D:7)
  2 orc wizards
  8 worker ants
  A hound skeleton (D:5)
  8 mummies (Ossuary)
  A worker ant zombie (D:10)
  9 gnolls
  12 adders
  2 shadow imps
  A worm (D:4)
  2 dart slugs (D:1)
  8 leopard geckos
  43 orcs
  6 giant cockroaches
  A gnoll zombie (Ossuary)
  10 goblins
  11 hobgoblins
  8 jackals
  9 quokkas
  9 bats
  5 frilled lizards
  3 hobgoblin zombies (Ossuary)
  7 kobolds
  2 kobold zombies (Ossuary)
  A leopard gecko skeleton (D:8)
  2 orc zombies (Ossuary)
  A quokka skeleton (D:5)
  5 rats
276 creatures vanquished.

Vanquished Creatures (collateral kills)
  A sky beast (D:9)
  3 orc priests
  An orc wizard (D:9)
5 creatures vanquished.

Vanquished Creatures (others)
  A slave (D:6)
  An ice beast (D:6)
  An adder (D:5)
  2 orcs (D:6)
5 creatures vanquished.

Grand Total: 286 creatures vanquished

Notes
Turn   | Place    | Note
-------+----------+-------------------------------------------
     0 | Abyss:1  | Dorkslayer the Demonspawn Abyssal Knight began the quest
                  | for the Orb.
     0 | Abyss:1  | Reached XP level 1. HP: 18/18 MP: 2/2
    19 | Abyss:1  | Found a corrupted altar of Lugonu.
    36 | Abyss:1  | Noticed a neqoxec
    37 | D:1      | Escaped the Abyss
    95 | D:1      | Reached skill level 1 in Dodging
   589 | D:1      | Gained mutation: You have sharp fingernails. [demonic
                  | ancestry]
   589 | D:1      | Reached XP level 2. HP: 24/24 MP: 3/3
   766 | D:1      | Reached * piety under Lugonu
  1081 | D:1      | Gained mutation: You are partially covered in molten
                  | scales. (AC +2) [demonic ancestry]
  1081 | D:1      | Reached XP level 3. HP: 27/29 MP: 4/4
  1373 | D:2      | Gained mutation: You are mostly covered in molten scales.
                  | (AC +3) [demonic ancestry]
  1373 | D:2      | Reached XP level 4. HP: 19/35 MP: 6/6
  1449 | D:2      | Found an iron altar of Okawaru.
  1581 | D:2      | Reached skill level 1 in Shields
  1725 | D:3      | Reached skill level 1 in Evocations
  1765 | D:3      | Reached ** piety under Lugonu
  1865 | D:3      | Reached skill level 3 in Invocations
  2292 | D:4      | Gained mutation: You sometimes gain a little power by
                  | taking damage. [demonic ancestry]
  2292 | D:4      | Reached XP level 5. HP: 32/41 MP: 7/7
  3018 | D:4      | Noticed a centaur
  3031 | D:4      | Killed a centaur
  3031 | D:4      | Reached XP level 6. HP: 20/47 MP: 8/8
  3190 | D:4      | Found a shimmering altar of Xom.
  3244 | D:4      | Found a hazy altar of Hepliaklqana.
  3754 | D:5      | Entered Level 5 of the Dungeon
  4060 | D:5      | Reached skill level 4 in Invocations
  4255 | D:5      | Reached XP level 7. HP: 34/52 MP: 10/10
  4332 | D:5      | Reached *** piety under Lugonu
  4665 | D:5      | Noticed Blork the orc
  4692 | D:5      | Killed Blork the orc
  4922 | D:6      | Reached skill level 5 in Invocations
  4935 | D:6      | Found an ornate altar of the Wu Jian Council.
  4970 | D:6      | Noticed Pikel
  5253 | D:5      | Killed Pikel
  5253 | D:5      | Reached skill level 5 in Axes
  5253 | D:5      | Reached XP level 8. HP: 50/60 MP: 10/12
  5320 | D:6      | Identified the Reference Book on Sinister Rituals
  5685 | D:6      | Found a staircase to the Ecumenical Temple.
  5693 | D:6      | Reached skill level 6 in Invocations
  6068 | D:7      | Found a sand-covered staircase.
  6075 | Ossuary  | Entered an ossuary
  6459 | D:7      | Upgraded the game from 0.24-a0-521-g122614b to
                  | 0.24-a0-524-gf43b32f
  6552 | D:7      | Noticed Edmund
  6553 | D:7      | Noticed Sigmund
  6554 | D:7      | Noticed Edmund
  6554 | D:7      | Edmund changed into Edmund the hog
  6561 | D:7      | Killed Edmund the hog
  6597 | D:7      | Killed Sigmund
  6662 | D:7      | Gained mutation: You are completely covered in molten
                  | scales. (AC +4, rF+) [demonic ancestry]
  6662 | D:7      | Reached XP level 9. HP: 32/66 MP: 13/13
  6673 | D:7      | Upgraded the game from 0.24-a0-524-gf43b32f to
                  | 0.24-a0-525-g9231cdc
  6859 | D:7      | Got a smoking leather armour
  6977 | D:7      | Found a glowing golden altar of the Shining One.
  7018 | D:7      | Identified the +1 leather armour of the Many Wars {rF+
                  | SInv} (You found it on level 7 of the Dungeon)
  7216 | D:7      | Reached **** piety under Lugonu
  7567 | D:8      | Reached skill level 7 in Invocations
  7579 | D:8      | Reached skill level 5 in Shields
  8388 | D:8      | Noticed Maurice
  8403 | D:8      | Killed Maurice
  8403 | D:8      | Reached skill level 5 in Armour
  9089 | D:9      | Found an iron altar of Okawaru.
  9173 | D:9      | Reached skill level 5 in Fighting
  9173 | D:9      | Reached XP level 10. HP: 34/74 MP: 15/15
  9360 | D:9      | Found Baggik's Antique Armour Emporium.
  9382 | D:9      | Bought a citrine-encrusted chain mail for 209 gold pieces
  9382 | D:9      | Bought a buckler for 99 gold pieces
  9402 | D:9      | Identified the +7 chain mail of Qazlal's Favour {rC+} (You
                  | bought it in a shop on level 9 of the Dungeon)
  9445 | D:9      | Found an opulent altar of Gozag.
  9543 | D:9      | Found a radiant altar of Vehumet.
  9723 | D:10     | Entered Level 10 of the Dungeon
  9783 | D:10     | Noticed a centaur warrior
  9798 | D:10     | Killed a centaur warrior
  9798 | D:10     | Reached skill level 1 in Throwing
  9798 | D:10     | Reached skill level 8 in Invocations
  9798 | D:10     | Reached skill level 5 in Evocations
  9812 | D:10     | Noticed a green ugly thing
  9822 | D:10     | HP: 1/74 [green ugly thing (8)]
  9825 | D:10     | Noticed a manticore
  9888 | D:10     | Found Rugatu's Antique Armour Shop.
 10365 | D:10     | Gained mutation: You are agile. (Dex +2) [potion of
                  | mutation]
 10365 | D:10     | Gained mutation: Armour fits poorly on your strangely
                  | shaped body. [potion of mutation]
 10365 | D:10     | Gained mutation: You have a pair of small antennae on your
                  | head. [potion of mutation]
 10387 | D:10     | HP: 3/75 [poisoned by a gnoll sergeant]
 10392 | D:10     | HP: 2/76 [poisoned by a gnoll sergeant]
 10398 | D:10     | HP: 2/76 [poisoned by a gnoll sergeant]
 10406 | D:10     | HP: 1/76 [poisoned by a gnoll sergeant]
 10473 | D:10     | Noticed an orc knight
 10849 | D:10     | Killed a manticore
 11273 | D:10     | Killed an unseen horror
 11273 | D:10     | Reached skill level 9 in Invocations
 11529 | D:10     | Reached XP level 11. HP: 81/81 MP: 17/17
 11541 | D:10     | Killed an orc knight
 11898 | D:10     | Killed a green ugly thing
 12038 | D:11     | Noticed a four-headed hydra
 12049 | D:11     | Killed a four-headed hydra
 12055 | D:11     | Found a hazy altar of Hepliaklqana.
 12062 | D:11     | Reached ***** piety under Lugonu
 12583 | D:11     | Noticed a two-headed ogre
 12600 | D:11     | Killed a two-headed ogre
 13044 | D:11     | Found a staircase to the Lair.
 13594 | D:12     | Reached skill level 10 in Invocations
 13634 | D:12     | Noticed a six-headed hydra
 13637 | D:12     | Noticed a green ugly thing
 13638 | D:12     | Found a staircase to the Orcish Mines.
 13660 | D:12     | Noticed a green ugly thing
 13671 | D:12     | Found a frozen archway.
 13675 | D:12     | HP: 2/82 [rime drake/flash freeze (14)]
 13677 | IceCv    | Entered an ice cave
 14096 | IceCv    | Slain by an ice devil

Levels and vault maps discovered:
D:1:      dpeg_arrival_tiny_j, layout_loops_corners
D:2:      layout_rooms, okawaru_gym_becter
D:3:      layout_basic
D:4:      layout_basic, lemuel_doored_altar, kennysheep_mini_moat,
          grunt_ministairs_10
D:5:      layout_loops_ring, first_ration, uniq_blork_the_orc
D:6:      layout_basic, lemuel_crystal_altar, temple_fountains, uniq_pikel
D:7:      layout_loops_ring, lemuel_coloured_pillars_altar,
          nicolae_ossuary_entry_false_entrances, sigmund_edmund_badplayer
D:8:      layout_basic, uniq_maurice
D:9:      layout_roguey, nicolae_gozag_seed_capital, kennysheep_little_box,
          fiery_altar_vehumet, serial_shops, nicolae_shop_overgrown_old_shop
D:10:     minmay_the_grid_plus [minmay_the_grid_stretched_grid,
          minmay_the_grid_medium_cups, minmay_the_grid_diamond_grid,
          minmay_the_grid_large_cup, minmay_the_grid_prize_inner_circle],
          layout_irregular_city, serial_shops, nicolae_shop_overgrown_old_shop
D:11:     layout_stronghold, lair_entry_dummy, basic_altar, grunt_pizzeria
D:12:     layout_irregular_city, orc_david_3, portal_ice_cave_rime,
          small_statue_intersection, lightli_wizard_tower, uniq_snorg
IceCv:    ice_cave_tombish

Skill      XL: |  1  2  3  4  5  6  7  8  9 10 11 |
---------------+----------------------------------+-----
Dodging        | 1 2 |  2.5
Armour         | 2 3 4 5 6 |  6.4
Axes           | 2 3 5 6 7 8 9 |  9.4
Shields        | 1 2 3 4 5 6 7 |  7.6
Evocations     | 1 2 3 4 5 6 |  6.7
Invocations    | 3 4 5 6 7 9 10 | 10.0
Fighting       | 4 5 6 |  6.4
Throwing       | 1 |  1.7
Stealth        | |  0.5

Action                   |  1- 3 |  4- 6 |  7- 9 | 10-12 || total
-------------------------+-------+-------+-------+-------++-------
Melee: Hand axe          |   155 |   494 |    74 |       ||   723
       War axe           |       |       |   574 |   445 ||  1019
Throw: Boomerang         |       |    50 |    30 |    12 ||    92
       Javelin           |       |       |       |    27 ||    27
Invok: Depart the Abyss  |     1 |       |       |       ||     1
 Abil: Evoke Berserk Rag |       |       |     1 |     2 ||     3
Evoke: Wand              |       |       |    22 |    50 ||    72
       Lamp of fire      |       |       |       |     2 ||     2
  Use: Scroll            |     6 |     8 |    12 |    12 ||    38
       Potion            |       |     4 |     7 |    11 ||    22
 Stab: Sleeping          |     3 |     1 |       |       ||     4
       Invisible         |       |       |     7 |       ||     7
       Paralysed         |       |       |     3 |       ||     3
  Eat: Chunk             |     2 |     6 |     4 |    10 ||    22
       Ration            |       |     2 |    10 |     4 ||    16
Armor: Leather armour    |    12 |       |       |       ||    12
       Ring mail         |    74 |    38 |       |       ||   112
       Chain mail        |       |    64 |       |   310 ||   374
       Plate armour      |       |   228 |   473 |     5 ||   706
Dodge: Dodged            |    74 |    39 |    73 |   141 ||   327
Block: Shield            |    39 |   132 |   269 |   125 ||   565
       Buckler           |       |       |       |   101 ||   101

Table legend:
 A = Non-vault XP
 B = Vault XP
 C = Vault XP percentage of total XP
 D = Non-vault monster count
 E = Vault monster count
 F = Vault count percentage of total count
                 A         B        C        D         E       F
            +---------+---------+-------+---------+---------+-------
      Total |   12046 |    6782 |  36.0 |     236 |      46 |  16.3
            +---------+---------+-------+---------+---------+-------
        D:1 |      46 |       0 |   0.0 |      25 |       0 |   0.0
        D:2 |      78 |       0 |   0.0 |      24 |       0 |   0.0
        D:3 |      66 |       0 |   0.0 |      25 |       0 |   0.0
        D:4 |     257 |       0 |   0.0 |      14 |       0 |   0.0
        D:5 |     505 |     701 |  58.1 |      26 |       2 |   7.1
        D:6 |     563 |       0 |   0.0 |      19 |       0 |   0.0
        D:7 |     802 |     401 |  33.3 |      11 |       2 |  15.4
        D:8 |    1189 |     457 |  27.8 |      19 |       1 |   5.0
        D:9 |     767 |       0 |   0.0 |      11 |       0 |   0.0
       D:10 |    2969 |    3946 |  57.1 |      19 |      18 |  48.6
       D:11 |    4622 |     129 |   2.7 |      38 |       1 |   2.6
       D:12 |     182 |       9 |   4.7 |       5 |       3 |  37.5
    Ossuary |       0 |     154 | 100.0 |       0 |      16 | 100.0
      IceCv |       0 |     985 | 100.0 |       0 |       3 | 100.0
            +---------+---------+-------+---------+---------+-------
